 Dungeon Crawl Stone Soup version 0.25.0-9-g26727b657a (webtiles) character file.

Game seed: 18127908308433714342

775 mopl the Insei (level 8, 0/43 HPs)
             Began as a Kobold Transmuter on June 17, 2020.
             Was a Follower of Uskayaw.
             Slain by a gnoll sergeant
             ... wielding a +0 trident
              (4 damage)
             ... on level 5 of the Dungeon.
             The game lasted 00:09:39 (6178 turns).

mopl the Insei (Kobold Transmuter)                  Turns: 6178, Time: 00:09:39

Health: 0/43       AC:  2    Str:  9    XL:     8   Next: 10%
Magic:  12/14      EV: 20    Int: 21    God:    Uskayaw [*.....]
Gold:   183        SH:  0    Dex: 20    Spells: 0/15 levels left

rFire    . . .     SeeInvis .     - Unarmed
rCold    . . .     Gourm    .   (shield currently unavailable)
rNeg     . . .     Faith    .   (armour currently unavailable)
rPois    x         Spirit   .   (helmet currently unavailable)
rElec    .         Reflect  .   (cloak currently unavailable)
rCorr    .         Harm     .   (gloves currently unavailable)
MR       .....                  (boots currently unavailable)
Stlth    ++........             (no amulet)
HPRegen  0.14/turn              j - +6 ring of intelligence
MPRegen  0.14/turn              (no ring)

@: spider-form
A: tiny, carnivore
a: End Transformation, Stomp, Renounce Religion


You were on level 5 of the Dungeon.
You worshipped Uskayaw.
Uskayaw was noncommittal.
You were completely stuffed.
You were a venomous arachnid creature.
You visited 1 branch of the dungeon, and saw 5 of its levels.

You collected 183 gold pieces.

Inventory:

Hand Weapons
 b - a +0 hunting sling
 m - a +2 spear of venom
Missiles
 a - 47 arrows
 h - 12 atropa-tipped darts (quivered)
 k - 210 stones
 s - 4 boomerangs
Armour
 e - a +0 cloak (melded)
 g - a +0 pair of boots (melded)
 t - a +0 robe (melded)
 v - a cursed +0 ring mail
Jewellery
 j - a +6 ring of intelligence (left front leg)
Scrolls
 c - 2 scrolls of enchant armour {unknown}
 i - 6 scrolls of remove curse
 l - 2 scrolls of fog {unknown}
 o - a scroll of fear {unknown}
 p - 2 scrolls of immolation {unknown}
 x - 2 scrolls of enchant weapon {unknown}
 y - a scroll of vulnerability {unknown}
Potions
 f - 2 potions of berserk rage
 n - 3 potions of resistance
 q - a potion of flight
 u - 2 potions of heal wounds {unknown}
 w - a potion of ambrosia
 z - a potion of stabbing {unknown}
Comestibles
 d - 14 rations


   Skills:
 - Level 1.1 Fighting
 - Level 2.4 Dodging
 * Level 6.1 Unarmed Combat
 - Level 4.1 Spellcasting
 + Level 4.0 Transmutations
 + Level 2.3 Ice Magic
 - Level 1.0 Poison Magic
 + Level 2.9 Invocations


You couldn't memorise any spells.
You knew the following spells:

 Your Spells              Type           Power        Failure   Level  Hunger
a - Beastly Appendage     Tmut           ###...       9%          1    None
b - Spider Form           Tmut/Pois      ##........   30%         3    ###....
c - Blade Hands           Tmut           ###.......   75%         5    ######.
d - Ice Form              Ice/Tmut       ###.....     54%         4    ####...
w - Sticks to Snakes      Tmut           ###.....     12%         2    #......

Your spell library contained the following spells:

 Spells                   Type           Power        Failure   Level  Hunger


Dungeon Overview and Level Annotations

Branches:
Dungeon (5/15)             Temple (0/1) D:4

Altars:
Cheibriados
Elyvilon
Uskayaw
Zin
The Shining One

Annotations:
D:3 2 transporters, mopl's ghost, amateur MfSk


Innate Abilities, Weirdness & Mutations

You are small and have problems with some larger weapons.
You are carnivorous and can eat meat at any time.


Message History

You hit the gnoll sergeant.
The gnoll sergeant looks as sick as possible!
The gnoll sergeant is severely wounded.
The gnoll misses you.
You barely miss the gnoll sergeant.
The gnoll sergeant is severely wounded.
The gnoll sergeant barely misses you.
All of the chunks of flesh in your inventory have rotted away.
The gnoll sergeant blocks your attack.
The gnoll sergeant is almost dead.
The gnoll hits you from afar with a +0 halberd.
The gnoll sergeant misses you.
You hit the gnoll sergeant but do no damage.
The gnoll sergeant looks as sick as possible!
The gnoll sergeant is almost dead.
The gnoll misses you.
The gnoll sergeant hits you with a +0 trident!
* * * LOW HITPOINT WARNING * * *
The gnoll sergeant hits you from afar with a +0 trident.
You die...

#.......#...#.#####..
#.......#...........#
#.......##'##.#####..
#.......).>.........#
#.......#####.#####..
#)......# #.# #.#
#.......# #.# ###
#.......# #.####
#)..s...# #....####
###'##### #....'...
#g# ##...#### #g#
#...# ..............#
##### .######.#.....#
#.#.....# #.# ....#
#.# ....#


You could see a gnoll sergeant (extremely poisoned) and a gnoll.

Vanquished Creatures
  An ice beast (D:5)
  A howler monkey (D:4)
  A crimson imp (D:5)
  A centaur skeleton (D:4)
  3 orc priests
  Crazy Yiuf (D:3)
  2 hounds (D:4)
  2 orc wizards
  An iguana (D:5)
  2 worker ants
  A hound skeleton (D:4)
  3 gnolls
  9 adders
  An ooze (D:3)
  An adder skeleton (D:4)
  2 worms
  3 dart slugs
  6 leopard geckos
  16 orcs
  13 bats
  3 giant cockroaches
  8 goblins
  13 hobgoblins
  9 jackals
  7 kobolds
  2 quokkas (D:2)
  A ball python (D:1)
  6 frilled lizards
  6 rats
125 creatures vanquished.

Vanquished Creatures (collateral kills)
  2 gnolls (D:5)
2 creatures vanquished.

Grand Total: 127 creatures vanquished

Notes
Turn   | Place    | Note
-------+----------+-------------------------------------------
     0 | D:1      | mopl the Kobold Transmuter began the quest for the Orb.
     0 | D:1      | Reached XP level 1. HP: 12/12 MP: 3/3
   170 | D:1      | Reached XP level 2. HP: 16/16 MP: 3/5
   174 | D:1      | Learned a level 2 spell: Sticks to Snakes
   365 | D:1      | Reached XP level 3. HP: 16/20 MP: 4/6
   730 | D:1      | Learned a level 3 spell: Spider Form
  1101 | D:2      | Reached XP level 4. HP: 12/25 MP: 8/8
  1341 | D:2      | Reached skill level 4 in Unarmed Combat
  2217 | D:3      | Reached skill level 1 in Poison Magic
  2414 | D:3      | Reached XP level 5. HP: 26/29 MP: 7/9
  2426 | D:3      | Found a hide-covered altar of Uskayaw.
  2433 | D:3      | Noticed a +0 hand axe
  2433 | D:3      | Noticed a +0 hand axe
  2466 | D:3      | Became a worshipper of Uskayaw the Reveler
  2508 | D:3      | Noticed a centaur
  2509 | D:3      | Noticed mopl's ghost (amateur MfSk)
  2512 | D:3      | Found a transporter.
  2532 | D:3      | Found a transporter.
  2569 | D:3      | Reached * piety under Uskayaw
  2582 | D:3      | Found a glowing golden altar of the Shining One.
  2661 | D:3      | Reached ** piety under Uskayaw
  2668 | D:3      | Found a white marble altar of Elyvilon.
  3067 | D:3      | Found a runed translucent door.
  3068 | D:3      | Noticed Crazy Yiuf
  3076 | D:3      | Killed Crazy Yiuf
  3620 | D:4      | Reached skill level 1 in Invocations
  3626 | D:4      | Learned a level 4 spell: Ice Form
  3646 | D:4      | Reached XP level 6. HP: 30/34 MP: 7/10
  3720 | D:4      | Reached skill level 5 in Unarmed Combat
  3941 | D:4      | Found a staircase to the Ecumenical Temple.
  4033 | D:4      | Reached *** piety under Uskayaw
  4343 | D:4      | Reached skill level 1 in Ice Magic
  4530 | D:4      | Found a glowing silver altar of Zin.
  4635 | D:4      | Reached XP level 7. HP: 27/38 MP: 12/12
  5159 | D:5      | Entered Level 5 of the Dungeon
  5905 | D:5      | Found a snail-covered altar of Cheibriados.
  5944 | D:5      | Reached skill level 6 in Unarmed Combat
  5944 | D:5      | Reached XP level 8. HP: 42/43 MP: 9/14
  5948 | D:5      | Reached **** piety under Uskayaw
  6128 | D:5      | Learned a level 5 spell: Blade Hands
  6178 | D:5      | Slain by a gnoll sergeant

Illustrated notes

Levels and vault maps discovered:
D:1:      noname_arrival_rooms_in_the_neighbourhood, layout_loops_ring
D:2:      layout_basic
D:3:      layout_loops_ring, tso_metal_star, dancing_weapons_uskayaw,
          gammafunk_ghost_arena, dk_noncrumbling_3, elyvilon_altar_1,
          uniq_crazy_yiuf_cottage
D:4:      layout_basic, nicolae_overflow_hidden_temple,
          minmay_temple_entry_proselytizer, first_ration,
          minmay_fractal_squares_gapless_5
D:5:      layout_basic, nicolae_qazlal_style_of_elements,
          lemuel_coloured_pillars_altar, kennysheep_generic_room_13

Skill      XL: |  1  2  3  4  5  6  7  8 |
---------------+-------------------------+-----
Unarmed Combat | 4 5 6 |  6.1
Poison Magic   | 1 |  1.0
Spellcasting   | 3 4 |  4.1
Transmutations | 3 4 |  4.0
Invocations    | 1 2 |  2.9
Ice Magic      | 1 2 |  2.3
Fighting       | |  1.1
Dodging        | |  2.4

Action                   |  1- 3 |  4- 6 |  7- 9 || total
-------------------------+-------+-------+-------++-------
Melee: Unarmed           |   120 |   241 |    95 ||   456
       Headbutt          |    20 |    18 |     2 ||    40
       Punch             |     1 |     5 |       ||     6
 Cast: Beastly Appendage |    20 |    32 |     3 ||    55
       Spider Form       |       |     7 |     8 ||    15
       Sticks to Snakes  |       |       |     2 ||     2
       Ice Form          |       |       |     1 ||     1
 Abil: End Transformatio |       |     1 |     1 ||     2
  Use: Scroll            |       |     6 |     1 ||     7
       Potion            |       |       |     1 ||     1
 Stab: Sleeping          |     1 |     4 |       ||     5
       Paralysed         |       |     1 |     1 ||     2
  Eat: Chunk             |     9 |    13 |     5 ||    27
Armor: Robe              |    24 |    31 |    10 ||    65
       Skin              |       |     4 |     3 ||     7
Dodge: Dodged            |    95 |   172 |    76 ||   343
